 Dungeon Crawl Stone Soup version 0.16.1-2-g95b8d4c (console) character file.

545 Monkaria the Slasher (level 7, 0/53 HPs)
             Began as a Minotaur Skald on Mar 25, 2015.
             Succumbed to a kobold's poison
             ... while paralysed
             ... in a sewer.
             The game lasted 00:09:13 (4727 turns).

Monkaria the Slasher (Minotaur Skald)               Turns: 4727, Time: 00:09:13

Health: 0/53       AC: 11    Str: 17    XL:     7   Next: 6%
Magic:  5/5        EV:  2    Int:  9    God:
Gold:   330        SH:  0    Dex: 11    Spells: 1 memorised, 7 levels left

rFire  . . .     SeeInvis .     a - +0 falchion
rCold  . . .     Clarity  .     p - +1 chain mail {MR+}
rNeg   . . .     SustAb   .     (no shield)
rPois  .         Gourm    .     (helmet restricted)
rElec  .         Spirit   .     o - +0 cloak
rCorr  .         Warding  .     (no gloves)
rMut   .         Stasis   .     (no boots)
MR     +....                    (no amulet)
Stlth  ..........               (no ring)
                                (no ring)

@: paralysed, lethally poisoned (0 -> -12), exhausted, slowed, somewhat
resistant to hostile enchantments, extremely unstealthy
A: retaliatory headbutt, horns 2, frail 1, low mp 1, screaming 1
a: no special abilities


You were in a sewer.
You were hungry.

You visited 1 branch of the dungeon, and saw 5 of its levels.
You also visited: Sewer.

You collected 330 gold pieces.

Inventory:

Hand weapons
 a - a +0 falchion (weapon)
 b - a +0 blowgun
Missiles
 t - 34 poisoned needles
Armour
 o - a +0 cloak (worn)
 p - a +1 chain mail of magic resistance (worn)
Scrolls
 e - 2 scrolls of remove curse
 f - a scroll of random uselessness {unknown}
 h - 2 scrolls of magic mapping
 l - a scroll of noise {unknown}
 m - 2 scrolls of recharging
 n - 2 scrolls of enchant weapon
 r - 3 scrolls of amnesia
 u - a scroll of enchant armour
 v - a scroll of blinking
Books
 c - a book of Battle

   Spells                             Type                      Level
   a - Infusion                       Charms                       1
   b - Shroud of Golubria             Charms/Translocation         2
   c - Song of Slaying                Charms                       2
   d - Spectral Weapon                Hexes/Charms                 3
   e - Regeneration                   Charms/Necromancy            3
 k - a book of the Tempests

   Spells                             Type                      Level
   a - Static Discharge               Conjuration/Air              3
   b - Lightning Bolt                 Conjuration/Air              5
   c - Fireball                       Conjuration/Fire             5
   d - Tornado                        Air                          9
   e - Shatter                        Earth                        9
Comestibles
 d - a bread ration
 g - 2 slices of pizza
 j - 2 beef jerkies
 q - a meat ration
 x - 2 chunks of flesh


   Skills:
 - Level 4.1 Fighting
 + Level 7.2 Long Blades
 - Level 4.7 Armour
 - Level 1.1 Dodging
 - Level 1.3 Spellcasting
 - Level 2.0 Charms


You had 7 spell levels left.
You knew the following spells:

 Your Spells              Type           Power        Failure   Level  Hunger
a - Infusion              Chrm           #.....       99%         1    ##.....


Dungeon Overview and Level Annotations

Branches:
Dungeon (5/15)
 Temple: D:4-7

Altars:
Dithmenos
Zin
The Shining One

Shops:
D:2 *   D:5 *

Annotations:
D:4 psch's ghost, average MfTm


Innate Abilities, Weirdness & Mutations

You reflexively headbutt those who attack you in melee.
You have a pair of horns on your head.
You are frail (-10% HP).
Your magical capacity is low (-10% MP).
You occasionally shout uncontrollably at your foes.


Message History

Drink which item? (? for menu, Esc to quit)
A red film seems to cover your vision as you go berserk!
You feel yourself moving faster!
You feel mighty!
* * * LOW HITPOINT WARNING * * *
You feel sick.
You feel a strong urge to attack something.
* * * LOW HITPOINT WARNING * * *
You feel sick.
* * * LOW HITPOINT WARNING * * *
You feel sick.
Found three items.
You feel your anger subside.
You are no longer berserk.
You pass out from exhaustion.
You feel yourself slow down.
You are feeling hungry.
* * * LOW HITPOINT WARNING * * *
You feel sick.
Found a bubbling pink potion.
You die...

### !!# .!! #.#
###..# #.@#
#..################
#..##.##..≈.≈..≈..#
##.#...#.≈≈≈≈≈.≈.≈.
##....#.≈≈≈≈≈≈≈≈≈≈
#.....(≈≈≈≈≈≈≈≈≈≈≈
#.....#≈≈≈≈≈≈≈≈≈≈≈
#..≈..#))≈(≈≈..≈..
#.≈≈≈.#.....≈≈.≈≈#


There were no monsters in sight!

Vanquished Creatures
  An ogre (D:4)
  A big kobold (Sewer)
  A jelly (D:5)
  5 worker ants
  2 river rats
  3 adders
  6 gnolls
  2 giant mites
  4 worms
  3 giant geckos
  5 orcs
  6 giant cockroaches
  8 hobgoblins
  11 jackals
  9 kobolds
  3 oozes
  A ball python (D:1)
  A ball python skeleton (D:4)
  8 bats
  A giant gecko skeleton (D:4)
  A giant newt (D:2)
  14 goblins
  16 rats
112 creatures vanquished.

Notes
Turn   | Place    | Note
--------------------------------------------------------------
     0 | D:1      | Monkaria, the Minotaur Skald, began the quest for the Orb.
     0 | D:1      | Reached XP level 1. HP: 18/18 MP: 2/2
    58 | D:1      | Reached skill level 3 in Fighting
    69 | D:1      | Reached XP level 2. HP: 19/26 MP: 2/2
   496 | D:1      | Reached skill level 4 in Fighting
   611 | D:1      | Reached XP level 3. HP: 33/33 MP: 3/3
   998 | D:2      | Found a glowing silver altar of Zin.
   999 | D:2      | Found Zin's Purification Station.
  1456 | D:3      | Reached XP level 4. HP: 40/40 MP: 4/4
  1860 | D:3      | Reached XP level 5. HP: 40/46 MP: 4/4
  1999 | D:3      | Gained mutation: You are frail (-10% HP). [potion of mutation]
  1999 | D:3      | Gained mutation: Your magical capacity is low (-10% MP). [potion of mutation]
  1999 | D:3      | Gained mutation: You occasionally shout uncontrollably at your foes. [potion of mutation]
  2323 | D:4      | Noticed psch's ghost (average MfTm)
  3514 | D:4      | Noticed an ogre
  3551 | D:4      | Killed an ogre
  3551 | D:4      | Reached skill level 5 in Long Blades
  3551 | D:4      | Reached XP level 6. HP: 34/46 MP: 4/4
  3683 | D:4      | Noticed a phantom
  4343 | D:5      | Entered Level 5 of the Dungeon
  4354 | D:5      | Reached skill level 6 in Long Blades
  4356 | D:5      | Found a shadowy altar of Dithmenos.
  4456 | D:5      | Found Priol's General Store.
  4514 | D:5      | Found a glowing golden altar of the Shining One.
  4613 | D:5      | Found a glowing drain.
  4626 | Sewer    | Entered a sewer
  4712 | Sewer    | Reached skill level 7 in Long Blades
  4712 | Sewer    | Reached XP level 7. HP: 25/53 MP: 5/5
  4725 | Sewer    | HP: 3/79 [poisoned by a kobold]
  4726 | Sewer    | HP: 1/53 [poisoned by a kobold]
  4727 | Sewer    | Succumbed to a kobold's poison

Action                   |  1- 3 |  4- 6 |  7- 9 || total
-------------------------+-------+-------+-------++-------
Melee: Falchion          |    74 |   292 |       ||   366
 Fire: Blowgun           |       |     2 |       ||     2
  Use: Scroll            |       |     8 |       ||     8
       Potion            |       |     6 |     1 ||     7
  Eat: Chunk             |     2 |    11 |       ||    13
